 Dungeon Crawl Stone Soup version 0.31.0-9-g3a7656b989 (console) character file.

Game seed: 11432804829864275222

14 AlterAsc the Sneak (level 2, -2/15 HPs)
             Began as a Vampire Enchanter on Jan 29, 2024.
             Slain by a goblin
             ... wielding a +0 club
              (3 damage)
             ... on level 1 of the Dungeon.
             The game lasted 00:01:04 (407 turns).

AlterAsc the Sneak (Vampire Enchanter)               Turns: 407, Time: 00:01:05

Health: -2/15      AC:  2    Str:  7    XL:     2   Next: 31%
Magic:  5/5        EV: 12    Int: 17    God:
Gold:   22         SH:  0    Dex: 14    Spells: 3/5 levels left

rFire   . . .        a - +1 dagger
rCold   + + .        (no shield)
rNeg    + + +        b - +0 robe
rPois   ∞            (no helmet)
rElec   .            (no cloak)
rCorr   .            (no gloves)
SInv    +            (no boots)
Will    .....        (no amulet)
Stlth   +++++        (no ring)
HPRegen 0.00/turn    (no ring)
MPRegen 0.09/turn

%: no passive effects
@: bloodless, inhibited regen, invisible
A: bloodless, fangs 3, see invisible, vampiric 1
a: Revivify


You were on level 1 of the Dungeon.
You visited 1 branch of the dungeon, and saw 1 of its levels.

You collected 22 gold pieces.

Inventory:

Hand Weapons
 a - a +1 dagger (weapon)
Armour
 b - a +0 robe (worn)
Scrolls
 d - 2 scrolls of vulnerability {unknown}
 e - a scroll of noise {unknown}
 f - 2 scrolls of identify {unknown}
Potions
 c - 2 potions of invisibility


   Skills:
 - Level 1.1 Short Blades
 - Level 2.1 Dodging
 + Level 5.1 Stealth
 - Level 2.0 Spellcasting
 + Level 5.0 Hexes


You had 3 spell levels left.
You knew the following spells:

 Your Spells              Type           Power      Damage    Failure   Level
a - Ensorcelled Hibernat  Hex/Ice        20%        N/A       11%         2

Your spell library contained the following spells:

 Spells                   Type           Power      Damage    Failure   Level
 Confusing Touch          Hex            18%        N/A       8%          3
 Tukima's Dance           Hex            18%        N/A       8%          3
 Dazzling Flash           Conj/Hex       20%        N/A       21%         3


Dungeon Overview and Level Annotations

Branches:
Dungeon (1/15)

Altars:


Innate Abilities, Weirdness & Mutations

You do not regenerate when monsters are visible.
You are frail without blood (-20% HP).
You can heal yourself when you bite living creatures.
You are immune to poison.
You have razor-sharp teeth.
You have supernaturally acute eyesight. (SInv)
You are afflicted with vampirism.


Message History

The bat barely misses you. The bat hits you but does no damage.
Casting: Ensorcelled Hibernation (safe; 11% risk of failure)
Confirm with . or Enter, or press ? or * to list all spells.
Aiming: Ensorcelled Hibernation (safe; 11% risk of failure)
Press: ? - help, Shift-Dir - straight line, f - bat
Aim: a bat (chance to affect: 62%)
The bat looks drowsy...
The helpless bat fails to defend itself.
You bite the bat, and draw its blood! You puncture the bat!
You kill the bat!
Magic restored.
Found a beast talisman.
A jackal comes into view.
A jackal is nearby!
A jackal comes into view.
A jackal comes into view.
Found a scroll labelled QEW XIUSCHI.
A goblin comes into view. It is wielding a +0 club.
A rat comes into view.
The goblin shouts!
The jackal barks! x3
The jackal closely misses you. The jackal misses you.
The rat squeaks loudly.
You hit the jackal.
You kill the jackal!
You miss the jackal. The jackal bites you. The jackal barely misses you.
You miss the goblin. The jackal bites you. The jackal misses you.
The goblin hits you with a +0 club.
Unknown command.
The goblin attacks as it pursues you! The goblin hits you with a +0 club.
* * * LOW HITPOINT WARNING * * *
You barely miss the jackal. The goblin hits you with a +0 club.
* * * LOW HITPOINT WARNING * * *
You fade into invisibility!
The jackal misses you. The jackal closely misses you.
The rat completely misses you. The goblin misses you.
You barely miss the jackal.
The jackal barks!
The jackal misses you.
You barely miss the jackal. The jackal barely misses you. The rat bites you.
* * * LOW HITPOINT WARNING * * *
The jackal closely misses you. The goblin hits you with a +0 club.
You die...

#..#.%.#....†.....# #.
##.................#
#.
##..................#
#.
#..#...#$..#........#
#.
##...................#
#.
#....................#
#.
#.#...#...#...#......#
#.
#...................##
##
##.................##
#..#..g#...#...####
##....h@.....#.#
#....rh....##.#
#?..#...#..#
#.............
##.........###
###########


You could see 2 jackals, a goblin (unable to see you) and a rat (unable to see
you).

Vanquished Creatures
  A dart slug (D:1)
  2 endoplasms (D:1)
  2 goblins (D:1)
  2 jackals (D:1)
  A ball python (D:1)
  2 bats (D:1)
  A kobold (D:1)
  A rat (D:1)
12 creatures vanquished.

Notes
Turn   | Place    | Note
-------+----------+-------------------------------------------
     0 | D:1      | AlterAsc the Vampire Enchanter began the quest for the Orb.
     0 | D:1      | Reached XP level 1. HP: 13/13 MP: 3/3
   232 | D:1      | Reached XP level 2. HP: 15/15 MP: 5/5
   238 | D:1      | Learned a level 2 spell: Ensorcelled Hibernation
   250 | D:1      | Reached skill level 5 in Stealth
   341 | D:1      | Reached skill level 5 in Hexes
   407 | D:1      | Slain by a goblin

Illustrated notes

Levels and vault maps discovered:
D:1:      amcnicky_arrival_wind_blow, layout_rooms, serial_shops, shop,
          columned_hall_lemuel, chequers_garden, grunt_decor_resistance,
          kennysheep_flooded_box, minmay_misc_feat_doors, st_stairs_3,
          kennysheep_doodads

Skill      XL: |  1  2 |
---------------+-------+-----
Stealth        | 5 |  5.1
Hexes          | 5 |  5.0
Short Blades   | |  1.1
Dodging        | |  2.1
Spellcasting   | |  2.0

Action                     || total
---------------------------++-------
  Melee: Dagger            ||    36
         Bite              ||     3
   Cast: Ensorcelled Hiber ||     2
Ability: Exsanguinate      ||     1
    Use: Potion            ||     1
   Stab: Sleeping          ||     5
 Armour: Robe              ||    21
  Dodge: Dodged            ||    40
